 Dungeon Crawl Stone Soup version 0.17-a0-848-g7e5c6af (webtiles) character file.

480 namelastname112 the Bolt Thrower (level 6, -7/52 HPs)
             Began as a Draconian Hunter on Apr 27, 2015.
             Was a Follower of Okawaru.
             Killed by divine providence
             ... invoked by an orc priest
              (14 damage)
             ... on level 4 of the Dungeon.
             The game lasted 00:08:44 (4332 turns).

namelastname112 the Bolt Thrower (Draconian Hunter) Turns: 4332, Time: 00:08:44

Health: -7/52      AC:  8    Str: 14    XL:     6   Next: 86%
Magic:  0/6        EV: 16    Int: 12    God:    Okawaru [*.....]
Gold:   291        SH:  0    Dex: 11    Spells: 0 memorised, 5 levels left

rFire  . . .     SeeInvis .     a - +0 spear
rCold  . . .     Clarity  .     (armour unavailable)
rNeg   . . .     SustAb   .     (no shield)
rPois  .         Gourm    .     (helmet restricted)
rElec  .         Spirit   +     p - +0 cloak {MR+}
rCorr  .         Warding  .     (no gloves)
rMut   .         Stasis   .     g - +0 pair of boots
MR     +....                    x - amulet of guardian spirit
Stlth  +.........               n - -2 ring of dexterity (curse)
                                r - +3 ring of evasion

@: somewhat resistant to hostile enchantments, very unstealthy
A: unfitting armour, cold-blooded, AC +6
a: Heroism, Renounce Religion


You were on level 4 of the Dungeon.
You worshipped Okawaru.
Okawaru was aware of your devotion.
You were very hungry.

You visited 2 branches of the dungeon, and saw 5 of its levels.

You collected 291 gold pieces.

Inventory:

Hand weapons
 a - a +0 spear (weapon)
 b - a +1 hand crossbow
 B - a +0 blowgun
Missiles
 c - 40 bolts
 e - 4 javelins
 A - a throwing net (quivered)
 C - 14 poisoned needles
Armour
 g - a +0 pair of boots (worn)
 p - a +0 cloak of magic resistance (worn)
Jewellery
 i - an uncursed ring of protection from magic
 n - a cursed -2 ring of dexterity (right hand)
 r - a +3 ring of evasion (left hand)
 w - an uncursed ring of sustain abilities
 x - an amulet of guardian spirit (around neck)
Magical devices
 s - a wand of fireball (12)
Scrolls
 k - 4 scrolls of remove curse {unknown}
 l - a scroll of random uselessness {unknown}
 o - 3 scrolls of identify {unknown}
 q - a scroll of fear {unknown}
 t - 2 scrolls of immolation {unknown}
 u - a scroll of recharging {unknown}
 y - 4 scrolls of amnesia {unknown}
Potions
 m - a potion of magic {unknown}
 v - a potion of degeneration {unknown}
 z - a potion of curing {unknown}
Comestibles
 d - 2 bread rations
 f - 2 meat rations
 j - a slice of pizza
 D - 4 fruits


   Skills:
 + Level 4.1 Fighting
 + Level 1.9 Polearms
 * Level 5.8 Crossbows
 + Level 3.5 Dodging
 - Level 0.8 Stealth


You had 5 spell levels left.
You didn't know any spells.

Dungeon Overview and Level Annotations

Branches:
Dungeon (4/15)             Temple (1/1) D:4

Altars:
Cheibriados
Fedhas
Kikubaaqudgha
Makhleb
Okawaru
Qazlal
Ru
Trog
Vehumet
Xom
The Shining One

Annotations:
D:4 Pikel


Innate Abilities, Weirdness & Mutations

Your plain brown scales are hard (AC +6).
Your body does not fit into most forms of armour.
You are cold-blooded and may be slowed by cold attacks.


Message History

There is an open door here.
A bat comes into view.
The orc priest calls down the wrath of Beogh upon you.
You resist with some effort.
A puff of flame appears from out of thin air!
The puff of flame hits something.
Reactivating autopickup.
A puff of flame appears from out of thin air!
Deactivating autopickup; reactivate with Ctrl-A.
The puff of flame hits you!
The orc priest mumbles some strange prayers to Beogh against you.
Something smites you!
* * * LOW HITPOINT WARNING * * *
A magic dart appears from out of thin air!
The magic dart hits you!
* * * LOW HITPOINT WARNING * * *
The bat closely misses you.
The orc priest mumbles some strange prayers to Beogh against you.
Something smites you!
You die...

...#.............................
...+.............................
#'###...###......................
..# #.⌠.# #......................
..###...###...###)#o...#'###'###.
..............#...'....#..'....#.
...⌠..>..⌠....#...#....#..#....'.
##............'...#....#..#....#.
..###...###...#.@.#....'..#....#.
.. #.⌠.# #...###b#....#.## .# #.
#####...###.####.....###'###'#...
....#..#).<.#..'.....'.......# ..
..>.'..+....'..#.....#.......' .
....#..#....#..#.....###'###'#.
....#+##....##'#...............
..............................#'#
..............................'..


You could see an orc priest and a bat.

Vanquished Creatures
  A slave (D:3)
  2 ogres (D:4)
  2 scorpions (D:4)
  An orc priest (D:3)
  An iguana (D:4)
  3 gnolls (D:3)
  4 adders
  An ooze (D:3)
  2 giant geckos
  12 orcs (D:3)
  3 giant cockroaches
  7 goblins
  9 hobgoblins
  3 jackals (D:4)
  3 ball pythons
  A ball python skeleton (D:4)
  5 bats
  9 giant newts
  A jackal skeleton (D:4)
  9 kobolds
  7 rats
86 creatures vanquished.

Vanquished Creatures (others)
  An orc wizard (D:4)
1 creature vanquished.

Grand Total: 87 creatures vanquished

Notes
Turn   | Place    | Note
--------------------------------------------------------------
     0 | D:1      | namelastname112, the Draconian Hunter, began the quest for the Orb.
     0 | D:1      | Reached XP level 1. HP: 17/17 MP: 1/1
   480 | D:1      | Reached XP level 2. HP: 23/25 MP: 2/2
   592 | D:1      | Reached skill level 4 in Crossbows
  1296 | D:2      | Reached XP level 3. HP: 21/30 MP: 3/3
  2263 | D:3      | Reached XP level 4. HP: 34/37 MP: 4/4
  3116 | D:3      | Reached XP level 5. HP: 43/45 MP: 3/5
  3120 | D:3      | Reached skill level 5 in Crossbows
  3587 | D:4      | Noticed a slave
  3588 | D:4      | Noticed a slave
  3588 | D:4      | Noticed a slave
  3590 | D:4      | Noticed a slave
  3614 | D:4      | Found a staircase to the Ecumenical Temple.
  3622 | Temple   | Entered the Ecumenical Temple
  3638 | Temple   | Became a worshipper of Warmaster Okawaru
  3689 | D:4      | Reached skill level 1 in Polearms
  3689 | D:4      | Reached XP level 6. HP: 19/51 MP: 6/6
  3811 | D:4      | Noticed Pikel
  3840 | D:3      | Killed a slave
  3949 | D:4      | Noticed an ogre
  3955 | D:4      | Killed an ogre
  4039 | D:4      | Acquired Okawaru's first power
  4184 | D:4      | Noticed an ogre
  4190 | D:4      | Killed an ogre
  4313 | D:4      | HP: 2/52 [something/puff of frost (3)]
  4332 | D:4      | Killed from afar by an orc priest

Action                   |  1- 3 |  4- 6 || total
-------------------------+-------+-------++-------
Melee: Short sword       |   168 |       ||   168
       Spear             |    43 |   221 ||   264
 Fire: Hand crossbow     |     3 |    45 ||    48
Throw: Javelin           |     6 |       ||     6
  Use: Potion            |       |     1 ||     1
 Stab: Sleeping          |     1 |     1 ||     2
  Eat: Chunk             |     4 |     6 ||    10
